 Dungeon Crawl Stone Soup version 0.29-a0-841-g116ddc6ace (webtiles) character file.

Game seed: 14667455927755708363

2448 tsouns the Thaumaturge (level 9, -3/36 (39) HPs)
             Began as a Spriggan Necromancer on July 13, 2022.
             Was a Follower of Yredelemnul.
             Slain by a wight
             ... wielding a +2 spear of venom
              (4 damage)
             ... on level 7 of the Dungeon on July 14, 2022.
             The game lasted 00:13:20 (5922 turns).

tsouns the Thaumaturge (Spriggan Necromancer)       Turns: 5922, Time: 00:13:21

HP:   -3/36 (39)    AC:  3    Str:  4    XL:     9   Next: 25%
MP:   17/23         EV: 17    Int: 20    God:    Yredelemnul [*.....]
Gold: 196           SH:  0    Dex: 16    Spells: 21/27 levels left

rFire   . . .      SeeInvis +   v - +8 short sword of True Grit {drain, rC+ rN+}
rCold   + + .      Faith    .   (no shield)
rNeg    + . .      Spirit   .   a - +1 robe
rPois   .          Reflect  .   (helmet restricted)
rElec   .          Harm     .   (no cloak)
rCorr   .          Rampage  .   (gloves unavailable)
Will    +....                   (boots unavailable)
Stlth   ++........              (no amulet)
HPRegen 0.12/turn               e - ring of protection from cold
MPRegen 0.18/turn               (no ring)

@: lethally poisoned (-3 -> -20), drained, very quick
A: very small, no large weapons, unfitting armour, see invisible, speed 3
a: Renounce Religion, Recall Undead Harvest


You were on level 7 of the Dungeon.
You worshipped Yredelemnul.
Yredelemnul was noncommittal.
You visited 1 branch of the dungeon, and saw 7 of its levels.

You collected 287 gold pieces.
You spent 91 gold pieces at shops.

Inventory:

Hand Weapons
 c - a +0 short sword of draining
 f - a +0 short sword
 v - the +8 short sword of True Grit (weapon) {drain, rC+ rN+}
   (You found it on level 5 of the Dungeon)

   A truly terrible weapon, it drains the life of any living foe it strikes.
   rC:        It protects you from cold.
   rN:        It protects you from negative energy.
 B - a +5 short sword
Armour
 a - a +1 robe (worn)
Magical Staves
 i - a staff of conjuration
Jewellery
 e - a ring of protection from cold (left hand)
 g - an amulet of the acrobat
 t - an amulet of guardian spirit
 x - a ring of flight
Wands
 o - a wand of flame (52)
 s - a wand of polymorph (7)
Scrolls
 k - 2 scrolls of poison
 p - a scroll of magic mapping
 w - 2 scrolls of teleportation
 y - a scroll of fog
 A - a scroll of identify
Potions
 b - a potion of magic
 d - 5 potions of curing
 h - a potion of might
 l - a potion of lignification {unknown}
 m - 4 potions of attraction
 n - 2 potions of haste
 q - 2 potions of cancellation
 r - 3 potions of heal wounds
 u - a potion of flight
 z - a potion of mutation {unknown}


   Skills:
 - Level 0.1 Fighting
 + Level 5.5 Short Blades
 - Level 2.6 Dodging
 - Level 3.0 Stealth
 + Level 9.8 Spellcasting
 + Level 8.4 Necromancy


You had 21 spell levels left.
You knew the following spells:

 Your Spells              Type           Power      Damage    Failure   Level
a - Necrotise             Necr           100%       1d9       1%          1
b - Vampiric Draining     Necr           43%        2d9       1%          3
c - Blink                 Tloc           18%        N/A       11%         2

Your spell library contained the following spells:

 Spells                   Type           Power      Damage    Failure   Level
 Agony                    Necr           43%        N/A       6%          5
 Inner Flame              Hex/Fire       9%         N/A       22%         3
 Summon Guardian Golem    Hex/Summ       9%         N/A       22%         3
 Cause Fear               Hex            4%         N/A       56%         4
 Fulminant Prism          Conj/Hex       4%         3d6       56%         4
 Iskenderun's Mystic Bla  Conj/Tloc      9%         2d4       56%         4
 Lee's Rapid Deconstruct  Erth           4%         3d6*      89%         5
 Manifold Assault         Tloc           9%         N/A       89%         5
 Orb of Destruction       Conj           4%         9d5       100%        7
 Spellforged Servitor     Conj/Summ      4%         N/A       100%        7
 Storm Form               Tmut/Air       4%         N/A       100%        7
 Discord                  Hex            4%         N/A       100%        8
 Animate Dead             Necr           Unusable   N/A       N/A         4

Dungeon Overview and Level Annotations

Branches:
Dungeon (7/15)             Temple (0/1) D:4

Altars:
Hepliaklqana
Qazlal
Sif Muna
Trog
Uskayaw
Vehumet
Xom
Yredelemnul

Shops:
D:4 ?   D:5 :


Innate Abilities, Weirdness & Mutations

You are very small and have problems with some larger weapons.
You are too small for most types of armour.
You have supernaturally acute eyesight. (SInv)
You cover ground extremely quickly. (Speed+++)


Message History

The killer bee barely misses your centaur zombie.
The centaur barely misses you. The centaur kicks you.
Your centaur zombie hits the centaur but does no damage.
Your centaur zombie kicks the centaur but does no damage.
The wight hits you from afar with a +2 spear of venom.
You partially resist.
You feel drained.
The killer bee barely misses your centaur zombie.
The centaur hits you. The centaur misses you.
Casting: Necrotise (safe; 1% risk of failure)
Confirm with . or Enter, or press ? or * to list all spells.
Aiming: Necrotise (safe; 1% risk of failure)
Press: ? - help, Shift-Dir - straight line, f/p - centaur
Aim: a centaur (lightly wounded, ally target, chance to affect: 83%)
The centaur writhes in agony.
You feel sick.
The killer bee stings your centaur zombie.
Your centaur zombie hits the killer bee but does no damage.
Your centaur zombie completely misses the killer bee.
The wight hits you from afar with a +2 spear of venom!
You partially resist.
You feel drained.
You are lethally poisoned!
The centaur hits you.
* * * LOW HITPOINT WARNING * * *
The centaur kicks you.
* * * LOW HITPOINT WARNING * * *
The killer bee stings your centaur zombie.
Casting: Necrotise (safe; 1% risk of failure)
Confirm with . or Enter, or press ? or * to list all spells.
Aiming: Vampiric Draining (safe; 1% risk of failure)
Press: ? - help, Shift-Dir - straight line, f/p - centaur
Aim: a centaur (moderately wounded, ally target)
You draw life force from the centaur.
You feel life coursing into your body.
* * * LOW HITPOINT WARNING * * *
You feel very sick.
Your centaur zombie barely misses the killer bee. x2
The killer bee stings your centaur zombie.
The centaur barely misses you. The centaur kicks you.
* * * LOW HITPOINT WARNING * * *
The wight hits you from afar with a +2 spear of venom.
You die...
Your body rises from the dead as a mindless zombie.

.. #.##.#..#.# ..
##.### #.##.#.#### ..
#.. #.##.#..... #.
#.# #.##.......
###.#... ...........
....#.# ##.#........
#yO#.###.#..#........
#yzc.....#.. ...... #
#yZ@....... ...... #
#######..#######
###.#+ #
#......Z.......# #.#.
).:.(#
######.Z######.# ..
....... #.Z...# ##
..♣.... #.##### ...
... #.# ##### .... ##
#.# #...# #...# #.#
### #.#.######


You could see an ogre, a centaur (ally target), 3 killer bees, a wight, 2
friendly orc zombies, a friendly orc priest zombie and a friendly centaur
zombie.

Vanquished Creatures
  Grinder (D:5)
  2 water moccasins (D:5)
  An ogre (D:4)
  2 ice beasts (D:6)
  2 centaurs (D:7)
  2 phantoms
  A necrophage (D:6)
  3 scorpions
  6 wights
  3 killer bees
  A howler monkey (D:4)
  4 hounds
  2 jellies
  An orc priest (D:7)
  5 orc wizards
  A killer bee zombie (D:5)
  2 adders (D:4)
  An ufetubus (D:6)
  A worm (D:3)
  A dart slug (D:4)
  9 orcs
  2 endoplasms (D:1)
  2 giant cockroaches
  5 goblins
  4 hobgoblins
  7 jackals
  2 quokkas
  5 ball pythons
  6 bats
  2 frilled lizards (D:1)
  2 kobolds
  5 rats
93 creatures vanquished.

Vanquished Creatures (collateral kills)
  Duvessa (D:4)
  Dowan (D:4)
  2 killer bees (D:7)
  2 jellies
  A howler monkey zombie (D:5)
  A dart slug (D:2)
  3 orcs (D:6)
  A ball python (D:4)
  An endoplasm (D:1)
  A quokka (D:4)
  A kobold (D:4)
  A rat (D:1)
16 creatures vanquished.

Vanquished Creatures (others)
  A centaur zombie (D:7)
  2 killer bee zombies (D:7)
  A hound zombie (D:6)
  An adder zombie (D:4)
  A bat zombie (D:2)
  3 jackal zombies (D:4)
  2 orc zombies (D:6)
  A withered plant (D:1)
12 creatures vanquished.

Grand Total: 121 creatures vanquished

Notes
Turn   | Place    | Note
-------+----------+-------------------------------------------
     0 | D:1      | tsouns the Spriggan Necromancer began the quest for the
                  | Orb.
     0 | D:1      | Reached XP level 1. HP: 9/9 MP: 5/5
   345 | D:1      | Reached XP level 2. HP: 13/13 MP: 1/6
   438 | D:1      | Found a faded altar of an unknown god.
   446 | D:1      | Prayed at the altar of an unknown god.
   446 | D:1      | Became a worshipper of Yredelemnul the Dark
   446 | D:1      | Reached * piety under Yredelemnul
   453 | D:1      | Reached skill level 3 in Spellcasting
   932 | D:2      | Reached XP level 3. HP: 16/16 MP: 4/8
  1525 | D:3      | Reached skill level 4 in Spellcasting
  1718 | D:3      | Reached XP level 4. HP: 21/21 MP: 8/11
  1937 | D:3      | Learned a level 3 spell: Vampiric Draining
  1940 | D:3      | Learned a level 2 spell: Blink
  2184 | D:4      | Noticed a scorpion
  2193 | D:4      | Killed a scorpion
  2239 | D:4      | Reached XP level 5. HP: 24/24 MP: 9/13
  2303 | D:4      | Reached skill level 5 in Spellcasting
  2303 | D:4      | Reached skill level 5 in Necromancy
  2387 | D:4      | Noticed an ogre
  2399 | D:4      | Killed an ogre
  2400 | D:4      | Reached XP level 6. HP: 28/28 MP: 10/15
  2483 | D:4      | Noticed Duvessa
  2483 | D:4      | Noticed Dowan
  2489 | D:4      | Killed Duvessa
  2490 | D:4      | Reached skill level 6 in Spellcasting
  2501 | D:4      | Killed Dowan
  2640 | D:4      | Reached XP level 7. HP: 31/32 MP: 13/18
  2642 | D:4      | Reached ** piety under Yredelemnul
  2816 | D:4      | Found Ropiqen's Magic Scroll Emporium.
  2824 | D:4      | Bought a scroll of identify for 26 gold pieces
  2824 | D:4      | Bought a scroll of teleportation for 39 gold pieces
  2824 | D:4      | Bought a scroll of identify for 26 gold pieces
  2835 | D:4      | Found a staircase to the Ecumenical Temple.
  3176 | D:4      | Reached *** piety under Yredelemnul
  3182 | D:5      | Entered Level 5 of the Dungeon
  3226 | D:5      | Reached skill level 7 in Spellcasting
  3498 | D:5      | Found a shimmering altar of Xom.
  3561 | D:5      | Found Foysub's Self-Improvement Boutique.
  3572 | D:5      | Found a hazy altar of Hepliaklqana.
  3609 | D:5      | Identified the +8 short sword of True Grit {drain, rC+ rN+}
  3982 | D:5      | Reached skill level 1 in Short Blades
  3991 | D:5      | Found a basalt altar of Yredelemnul.
  4101 | D:6      | Noticed Grinder
  4101 | D:6      | Found a radiant altar of Vehumet.
  4103 | D:6      | Paralysed by Grinder for 5 turns
  4115 | D:5      | Reached XP level 8. HP: 21/36 MP: 10/20
  4123 | D:5      | Reached skill level 8 in Spellcasting
  4141 | D:5      | Killed Grinder
  4362 | D:6      | Found a stormy altar of Qazlal.
  4537 | D:6      | Upgraded the game from 0.29-a0-838-g385bb11a5b to
                  | 0.29-a0-841-g116ddc6ace
  4688 | D:6      | Reached skill level 9 in Spellcasting
  4854 | D:6      | Found a bloodstained altar of Trog.
  4875 | D:6      | Found a shimmering blue altar of Sif Muna.
  5287 | D:7      | Reached XP level 9. HP: 35/39 MP: 13/23
  5295 | D:7      | Reached skill level 5 in Short Blades
  5513 | D:7      | Noticed a +0 dagger
  5513 | D:7      | Noticed a +0 dagger
  5515 | D:7      | Found a hide-covered altar of Uskayaw.
  5922 | D:7      | HP: 1/36 [centaur (3)]
  5922 | D:7      | Slain by a wight

Illustrated notes

Levels and vault maps discovered:
D:1:      spicycebolla_arrival_clurvy, layout_loops_ring, basic_ecumenical_altar
D:2:      layout_rooms
D:3:      layout_basic
D:4:      layout_gridville, minmay_temple_entry_statues_fountains, serial_shops,
          shop, grunt_ministairs_3, uniq_duvessa
D:5:      layout_basic, mainiacjoe_overflow_chevrons,
          lemuel_zombie_altar_yredelemnul, overflow_temple_1_default,
          nicolae_shop_self_help
D:6:      layout_cave_pools, nicolae_overflow_quartered_altars, uniq_grinder
D:7:      layout_basic, dancing_weapons_uskayaw, corexii_checkpoint_b,
          grunt_ministairs_6

Skill      XL: |  1  2  3  4  5  6  7  8  9 |
---------------+----------------------------+-----
Necromancy     | 4 5 6 7 8 |  8.4
Spellcasting   | 3 4 5 6 7 9 |  9.8
Short Blades   | 1 4 5 |  5.5
Fighting       | |  0.1
Dodging        | |  2.6
Stealth        | |  3.0

Action                   |  1- 3 |  4- 6 |  7- 9 || total
-------------------------+-------+-------+-------++-------
Melee: Short sword       |     3 |     1 |    52 ||    56
 Cast: Necrotise         |    61 |    43 |    94 ||   198
       Vampiric Draining |       |     4 |    11 ||    15
Evoke: Wand              |       |       |    16 ||    16
  Use: Scroll            |       |     3 |    11 ||    14
       Potion            |       |     1 |     2 ||     3
Armor: Robe              |     2 |     1 |    18 ||    21
Dodge: Dodged            |    12 |    15 |    97 ||   124

Table legend: (Time is in decaauts)
 A = Elapsed time spent in this place.
 B = Non-inter-level travel time spent in this place.
 C = Inter-level travel time spent in this place.
 D = Time resting spent in this place.
 E = Time spent auto-exploring this place.
 F = Levels seen in this place.
 G = Mean time per level.
                   A        B        C        D        E       F      G
               +--------+--------+--------+--------+--------+-----+--------+
         Total |   4677 |   4621 |     56 |      0 |   3924 |   7 |  668.1 |
       Dungeon |   4677 |   4621 |     56 |      0 |   3924 |   7 |  668.1 |
               +--------+--------+--------+--------+--------+-----+--------+

Top non-repeatable levels by time:
     D:5: 976 daAuts
     D:6: 910 daAuts
     D:4: 769 daAuts
     D:1: 581 daAuts
     D:3: 556 daAuts
     D:2: 457 daAuts
     D:7: 425 daAuts
